 Dungeon Crawl Stone Soup version 0.31-a0-1338-gb567cfdca4 (webtiles) character file.

Game seed: 6567907214127655635

1810901 Midn8 the Conqueror (level 25, 229/229 (257) HPs)
             Began as a Hill Orc Alchemist on Dec 21, 2023.
             Was the Champion of Ru.
             Escaped with the Orb
             ... and 3 runes!
             The game lasted 03:04:55 (56855 turns).

Midn8 the Conqueror (Hill Orc Alchemist)           Turns: 56855, Time: 03:04:56

HP:   229/229 (257) AC: 43    Str: 27    XL:     25   Next: 66%
MP:   27/27         EV: 28    Int: 22    God:    Ru [******]
Gold: 870           SH: 34    Dex: 30    Spells: 24/30 levels left

rFire   + + .        H - +9 eveningstar (heavy)
rCold   + . .        c - +2 tower shield {rF+}
rNeg    + + .        z - +6 gold dragon scales
rPois   +            S - +0 helmet "Hingum Raun" {Dex+8}
rElec   +            a - +1 cloak {Will+}
rCorr   .            O - +1 pair of gloves {Str+3}
SInv    +            P - +1 pair of boots
Will    +++..        K - amulet of Agnosticism {Reflect rN++ Dex+3 SH+5 SInv Stlth-} Stlth
                     g - ring of Free Will {rElec Will+ Str+4 Int+6 Dex+4}
HPRegen 0.58/turn    L - ring of the Hare {EV+10}
MPRegen 0.20/turn

%: reflection
@: studying Maces & Flails, heavily drained
A: inability to drink after injury 2, inability to use devices, no conjurations
magic, no ice magic, no alchemy magic, inexperienced 1, agile 1
0: Orb of Zot
}: 3/15 runes: decaying, serpentine, silver
a: Renounce Religion, Draw Out Power, Power Leap, Apocalypse


You escaped.
You worshipped Ru.
Ru was exalted by your worship.
You visited 9 branches of the dungeon, and saw 47 of its levels.
You visited 2 bazaars.
You also visited: Ossuary, Ice Cave and Desolation.

You collected 6430 gold pieces.
You spent 5560 gold pieces at shops.

Inventory:

Hand Weapons
 H - a +9 heavy eveningstar (weapon)
Missiles
 m - 8 javelins
 w - 4 atropa-tipped darts
 y - 7 throwing nets
 D - 12 silver javelins
 M - 65 poisoned darts
 N - 37 boomerangs (quivered)
 Z - 4 curare-tipped darts
Armour
 a - a +1 cloak of willpower (worn)
 c - a +2 tower shield of fire resistance (worn)
 z - +6 gold dragon scales (worn)
 O - a +1 pair of gloves of strength (worn)
 P - a +1 pair of boots (worn)
 S - the +0 helmet "Hingum Raun" (worn) {Dex+8}
   (You found it on level 2 of the Lair of Beasts)

   Dex+8:     It affects your dexterity (+8).
Jewellery
 g - the ring of Free Will (left hand) {rElec Will+ Str+4 Int+6 Dex+4}
   (You bought it in a shop in a bazaar)

   [ring of intelligence]

   Str+4:     It affects your strength (+4).
   Int+6:     It affects your intelligence (+6).
   Dex+4:     It affects your dexterity (+4).
   rElec:     It insulates you from electricity.
   Will+:     It increases your willpower.
 l - the necklace of Bloodlust {Fury *Rage Will++ Int-3 Slay+6}
   (You found it on level 2 of the Snake Pit)

   [amulet of nothing]

   Fury:      It extends the wearer's berserk rage when killing foes.
   Int-3:     It affects your intelligence (-3).
   Slay+6:    It affects your accuracy & damage with ranged weapons and melee
   (+6).
   Will++:    It greatly increases your willpower.
   *Rage:     It berserks you when you make melee attacks (+50% chance).
 E - a ring of poison resistance
 G - a +5 ring of evasion
 I - the ring of Spring {Fly Dex+3 SInv}
   (You took it off a ragged hierophant in the Desolation of Salt)

   [ring of flight]

   Dex+3:     It affects your dexterity (+3).
   SInv:      It lets you see invisible.
   Fly:       It grants you flight.
 K - the amulet of Agnosticism (around neck) {Reflect rN++ Dex+3 SH+5 SInv Stlth-}
   (You bought it in a shop on level 3 of the Depths)

   [amulet of reflection]

   Reflect:   It reflects blocked missile attacks.
   Dex+3:     It affects your dexterity (+3).
   rN++:      It greatly protects you from negative energy.
   SInv:      It lets you see invisible.
   SH+5:      It affects your SH (+5).
   Stlth-:    It makes you less stealthy.
 L - the ring of the Hare (right hand) {EV+10}
   (You found it on level 14 of the Dungeon)

   [ring of evasion]

   EV+10:     It affects your evasion (+10).
 V - a ring of protection from cold
Scrolls
 d - 2 scrolls of silence
 e - 10 scrolls of fog
 h - 14 scrolls of teleportation
 j - 7 scrolls of poison
 o - 13 scrolls of fear
 t - 5 scrolls of brand weapon
 u - 8 scrolls of blinking
 v - 7 scrolls of vulnerability
 x - 3 scrolls of torment
 B - 23 scrolls of identify
 C - 4 scrolls of amnesia
 J - 11 scrolls of immolation
 Q - 5 scrolls of revelation
 R - 4 scrolls of summoning
 U - 8 scrolls of noise
Potions
 b - 6 potions of magic
 f - 4 potions of enlightenment
 i - 4 potions of mutation
 k - 13 potions of curing
 n - 11 potions of heal wounds
 p - 8 potions of invisibility
 q - 7 potions of brilliance
 r - 15 potions of attraction
 s - 7 potions of might
 A - 11 potions of ambrosia
 F - 5 potions of degeneration
 T - 3 potions of haste
 W - 3 potions of berserk rage
 X - 2 potions of cancellation
 Y - a potion of resistance


   Skills:
 O Level 27 Fighting
 - Level 20.0 Maces & Flails
 - Level 16.0 Throwing
 + Level 26.0 Armour
 - Level 14.0 Dodging
 - Level 1.5 Stealth
 - Level 22.0 Shields
 - Level 3.0 Spellcasting


You had 24 spell levels left.
You knew the following spells:

 Your Spells              Type           Power      Damage    Failure   Level
a - Sting                 Conj/Alch      12%        1d3       75%         1
c - Mephitic Cloud        Conj/Alch/Air  3%         N/A       98%         3
v - Mercury Vapours       Alch/Air       6%         N/A       87%         2

Your spell library contained the following spells:

 Spells                   Type           Power      Damage    Failure   Level
 Apportation              Tloc           6%         N/A       75%         1
 Necrotise                Necr           12%        1d4       75%         1
 Sandblast                Erth           6%         2d5       75%         1
 Slow                     Hex            12%        N/A       75%         1
 Summon Small Mammal      Summ           12%        N/A       75%         1
 Blink                    Tloc           6%         N/A       87%         2
 Call Imp                 Summ           6%         N/A       87%         2
 Jinxbite                 Hex            6%         N/A       87%         2
 Lesser Beckoning         Tloc           6%         N/A       87%         2
 Scorch                   Fire           6%         2d5       87%         2
 Confusing Touch          Hex            3%         N/A       98%         3
 Gell's Gravitas          Tloc           3%         N/A       98%         3
 Summon Guardian Golem    Hex/Summ       3%         N/A       98%         3
 Swiftness                Air            3%         N/A       98%         3
 Teleport Other           Tloc           3%         N/A       98%         3
 Tukima's Dance           Hex            3%         N/A       98%         3
 Volatile Blastmotes      Fire/Tloc      6%         2d10      98%         3
 Airstrike                Air            1%         2d(1-17)  100%        4
 Anguish                  Hex/Necr       1%         N/A       100%        4
 Animate Armour           Summ/Erth      6%         N/A       100%        4
 Cause Fear               Hex            1%         N/A       100%        4
 Dimensional Bullseye     Hex/Tloc       1%         N/A       100%        4
 Dispel Undead            Necr           3%         3d7       100%        4
 Manifold Assault         Tloc           3%         N/A       100%        4
 Passage of Golubria      Tloc           3%         N/A       100%        4
 Agony                    Necr           3%         N/A       100%        5
 Borgnjor's Vile Clutch   Necr/Erth      1%         N/A       100%        5
 Silence                  Hex/Air        1%         N/A       100%        5
 Death Channel            Necr           1%         N/A       100%        6
 Dispersal                Tloc           1%         N/A       100%        6
 Summon Cactus Giant      Summ           1%         N/A       100%        6
 Enfeeble                 Hex            1%         N/A       100%        7
 Malign Gateway           Summ/Tloc      1%         N/A       100%        7
 Disjunction              Tloc           1%         N/A       100%        8
 Ignition                 Fire           1%         3d3       100%        8
 Infestation              Necr           1%         N/A       100%        8
 Summon Horrible Things   Summ           1%         N/A       100%        8
 Magic Dart               Conj           Unusable   1d3       N/A         1
 Shock                    Conj/Air       Unusable   1d3       N/A         1
 Cigotuvi's Dreadful Rot  Necr/Alch/Air  Unusable   N/A       N/A         2
 Passwall                 Alch/Erth      Unusable   N/A       N/A         2
 Searing Ray              Conj           Unusable   2d4       N/A         2
 Dazzling Flash           Conj/Hex       Unusable   N/A       N/A         3
 Hailstorm                Conj/Ice       Unusable   3d5       N/A         3
 Stone Arrow              Conj/Erth      Unusable   3d7       N/A         3
 Brom's Barrelling Bould  Conj/Erth      Unusable   2d3       N/A         4
 Flame Wave               Conj/Fire      Unusable   2d5       N/A         4
 Fulminant Prism          Conj/Alch      Unusable   3d5       N/A         4
 Ignite Poison            Fire/Alch      Unusable   N/A       N/A         4
 Olgreb's Toxic Radiance  Alch           Unusable   N/A       N/A         4
 Sticky Flame             Fire/Alch      Unusable   2d4       N/A         4
 Summon Ice Beast         Ice/Summ       Unusable   N/A       N/A         4
 Alistair's Intoxication  Alch           Unusable   N/A       N/A         5
 Yara's Violent Unravell  Hex/Alch       Unusable   3d3       N/A         5
 Eringya's Noxious Bog    Alch           Unusable   4d6       N/A         6
 Simulacrum               Ice/Necr       Unusable   N/A       N/A         6
 Orb of Destruction       Conj           Unusable   9d5       N/A         7
 Spellforged Servitor     Conj/Summ      Unusable   N/A       N/A         7
 Lehudib's Crystal Spear  Conj/Erth      Unusable   10d2      N/A         8

Dungeon Overview and Level Annotations

Branches:
Dungeon (15/15)            Temple (0/1) D:7            Lair (5/5) D:11
  Swamp (4/4) Lair:2        Snake (4/4) Lair:3        Slime (0/5) Lair:5
    Orc (2/2) D:12            Elf (3/3) Orc:2        Vaults (5/5) D:13
  Crypt (0/3) Vaults:2     Depths (4/4) D:15            Zot (5/5) Depths:4
Ossuary (visited)           IceCv (visited)         Desolation (visited)

Altars:
Ashenzari
Dithmenos
Elyvilon
Hepliaklqana
Kikubaaqudgha
Makhleb
Nemelex Xobeh
Ru
Sif Muna
Trog
Uskayaw
Vehumet
Xom
Yredelemnul
Zin
The Shining One

Shops:
Orc:2 [([?*[*?[   Elf:1 *   Snake:4 :   Vaults:5 *:   Depths:2 *   Depths:3 =:=

Portals:
Hell: Lair:5 Depths:1 Depths:2 Depths:3 Depths:4
Abyss: Depths:3
Pandemonium: Depths:2 Depths:4
Ziggurat: Depths:4

Annotations:
D:3 1 runed translucent door, Crazy Yiuf
D:6 exclusions: centaur and 8 more exclusions
D:15 1 runed translucent door, exclusion: orange crystal statue
Elf:1 Roxanne
Elf:2 3 runed translucent doors
Depths:1 3 runed translucent doors, Piuw's ghost, veteran GnWn; Ycsaax's ghost, veteran MiBe
Zot:2 2 transporters, exclusion: obsidian statue


Innate Abilities, Weirdness & Mutations

You sometimes lose the ability to drink potions when taking damage.
You cannot study or use magical devices.
You cannot study or cast Conjurations magic.
You cannot study or cast Ice magic.
You cannot study or cast Alchemy magic.
You are somewhat inexperienced. (-1 XL)
You are agile. (Dex +4, Str/Int -1)


Message History

Where to? (Tab/Enter - D:1 @ (x,y), ? - help)
There is a stone staircase leading up here.
You climb upwards.
There is a stone staircase leading down here.
HP restored.
You see here a +0 hand axe.
There is an escape hatch in the ceiling here.
Things that are here:
a +0 hand axe; a +0 hand axe; a +0 club
Things that are here:
a +0 spear; a +0 leather armour; a +0 short sword You see here a +0 flail.
There is a stone staircase leading up, spattered with blood here.
You climb upwards.
There is a stone staircase leading down here.
There is a stone staircase leading up here.
You climb upwards.
Level annotation: 1 runed translucent door, Crazy Yiuf
There is a stone staircase leading down here.
There is a stone staircase leading up here.
You climb upwards.
There is a stone staircase leading down here.
A bat is nearby!
You block the bat's attack. You block the bat's attack.
You impale the bat!!
You kill the bat!
(D) Dungeon (T) Temple (L) Lair (S) Swamp (P) Snake Pit (M) Slime Pits (O) Orcish Mines (E) Elven Halls (V) Vaults (C) Crypt (U) Depths (H) Hell (Z) Zot
Where to? (Tab/Enter - D:1 @ (x,y), ? - help)
There is a stone staircase leading up here.
You climb upwards.
There is a stone staircase leading down here.
A lorocyproca comes into view.
There is an open door here.
The lorocyproca moves out of view.
There is a staircase leading out of the dungeon here.
You have escaped!

..#####.######.## #...######
........#### #2## #...#....##
.#######...###..## #..........
.#......###......######....#.....
.#.....## ##..................#.#
##.....# #.....................
#.....## ##..##'##.......##..#.#
#......###..##♣.♣##.#....##.#...
#######.....+..@..(.#........[..
##....##~~~####....#..#...
####.##PPP# #...#..#.....
#########.###### #............
#.........# #..#...#.#### ##
#.######### #...#.#..# # .# #.#
#....†...# # .###.#
######.##.#.### # .....#
#.............####


You could see a lorocyproca (invisible).

Vanquished Creatures
  A dread lich (Vaults:5)
  2 ancient liches
  Mara (Vaults:3)
  An orb of fire (Zot:1)
  Boris (Depths:4)
  Xtahua (Vaults:2)
  A Killer Klown (Zot:5)
  A shard shrike (Zot:1)
  A pandemonium lord (Zot:1)
  Vashnia (Snake:4)
  Saint Roka (Orc:2)
  A curse toe (Zot:2)
  Margery (Vaults:5)
  5 golden dragons
  Nikola (Swamp:2)
  5 electric golems
  A Tzitzimitl (Zot:5)
  2 hellephants
  Jorgrun (Orc:2)
  Rupert (D:12)
  13 tentacled monstrosities
  An Ice Fiend (Zot:1)
  10 Orb Guardians
  A deep elf blademaster (Elf:3)
  6 liches
  5 quicksilver dragons
  6 titans
  4 sphinxes
  Asterion (Snake:4)
  6 death cobs
  The ghost of jasper the Bludgeoner, an adept TrCA of Jiyva (Snake:4)
  2 deep elf master archers (Elf:3)
  Donald (Orc:2)
  Aizul (Snake:4)
  9 shadow dragons
  2 thorn hunters
  16 storm dragons
  5 tengu reavers
  6 nagarajas (Snake:4)
  2 azure jellies (IceCv)
  The ghost of Musi the Arsonist, an adept DsAl of Vehumet (Snake:2)
  2 protean progenitors (Zot:1)
  3 iron dragons (Vaults:5)
  3 draconian knights
  2 draconian monks
  9 fire giants
  A rockslime (IceCv)
  21 vault wardens
  8 deep elf sorcerers
  9 frost giants
  3 imperial myrmidons (Desolation)
  2 balrugs
  A draconian shifter (Zot:1)
  2 draconian scorchers (Zot:1)
  2 deep elf elementalists
  The ghost of Acwauwnyeha the Summoner, a journeyman HuSu of the Shining One (D:14)
  4 angels
  A reaper (Depths:1)
  21 ironbound preservers
  2 ghost moths
  3 ghouls (Swamp:2)
  8 war gargoyles
  11 stone giants
  19 very ugly things
  3 formless jellyfish
  3 draconian annihilators
  3 quicksilver oozes (IceCv)
  A cacodemon (D:14)
  4 ironbound thunderhulks
  A vampire knight (Depths:3)
  6 green draconians
  4 black draconians
  5 deep elf demonologists
  5 eleionomae
  7 deep elf death magi
  5 dire elephants
  8 white draconians
  2 halazid warlocks (Desolation)
  3 purple draconians (Zot:1)
  4 yellow draconians
  10 bunyips
  8 red draconians
  6 spark wasps (Depths:3)
  8 deep elf annihilators
  9 ettins
  The ghost of Uleac the Lord of Darkness, a journeyman DsNe of Kikubaaqudgha (Lair:3)
  A blizzard demon (Depths:3)
  2 crystal guardians
  A merfolk javelineer (Depths:1)
  7 fire dragons
  2 entropy weavers
  8 ragged hierophants (Desolation)
  21 yaktaur captains
  10 deep elf high priests
  4 great orbs of eyes
  Harold (Lair:2)
  4 rakshasas
  10 ice dragons
  34 vault guards
  11 peacekeepers
  3 salamander tyrants (Snake:4)
  5 servants of whispers (Desolation)
  2 spriggan air magi
  5 alligators
  Erica (Lair:2)
  A radroach (Zot:1)
  5 ghost crabs
  18 hydras
  2 ogre magi (Vaults:5)
  2 catoblepae
  11 ironbound frosthearts
  2 death knights (Vaults:2)
  13 centaur warriors
  6 death yaks
  18 two-headed ogres
  8 boulder beetles
  5 deep troll shamans
  10 anacondas
  13 dancing weapons
  6 tengu warriors
  7 orc high priests
  2 deep troll earth magi
  9 naga warriors
  4 hell hogs (Depths:1)
  17 naga sharpshooters
  10 hell knights
  4 spriggan berserkers
  4 shock serpents
  A shock serpent (shapeshifter) (Vaults:5)
  10 spriggans
  A skyshark (Lair:5)
  8 deep elf knights
  3 iron trolls
  7 soul eaters
  2 shadow wraiths
  A sixfirhy (Lair:5)
  2 sun demons (Depths:1)
  A skyshark (shapeshifter) (Vaults:5)
  A fire crab (D:14)
  6 salamander mystics
  A sea snake (shapeshifter) (Vaults:5)
  64 deep trolls
  2 death drakes
  2 goliath frogs
  2 spectral anacondas (Snake:2)
  A flayed ghost (Vaults:5)
  4 spriggan druids
  An orange crystal statue (IceCv)
  9 bog bodies
  2 glowing orange brains
  A glowing orange brain (shapeshifter) (Vaults:5)
  11 swamp dragons
  4 naga ritualists
  4 phantasmal warriors (Vaults:5)
  13 deep elf archers
  5 lindwurms
  33 deep elf pyromancers
  4 large abominations (Depths:3)
  A lindwurm (shapeshifter) (Elf:3)
  A harpy (shapeshifter) (D:14)
  6 arcanists
  16 orc knights
  24 ugly things
  2 necromancers
  4 orc sorcerers
  A shining eye (shapeshifter) (Vaults:5)
  3 manticores
  3 mana vipers
  25 deep elf zephyrmancers
  A manticore (shapeshifter) (Depths:3)
  A wolf spider (shapeshifter) (Elf:1)
  25 ironbound convokers
  7 will-o-the-wisps
  3 cyclopes (D:14)
  16 moths of wrath
  17 salamanders
  2 guardian serpents (shapeshifter)
  8 smoke demons
  33 black mambas
  An eye of devastation (shapeshifter) (Vaults:5)
  7 elephants
  16 naga magi
  A black mamba (shapeshifter) (D:15)
  22 vault sentinels
  9 guardian serpents
  2 molten gargoyles
  An orange demon (Lair:5)
  2 hellions
  12 cane toads
  5 rime drakes
  6 komodo dragons
  5 unseen horrors
  3 tormentors
  An efreet (D:13)
  6 freezing wraiths
  3 tengu conjurers
  23 yaktaurs
  3 ice devils (Lair:5)
  A red devil (Lair:5)
  14 tyrant leeches
  A polar bear (shapeshifter) (D:13)
  A meliai (shapeshifter) (D:14)
  3 polar bears
  2 bloated husks (Swamp:2)
  12 hornets
  A queen bee (Lair:3)
  A hellwing (Lair:5)
  Grinder (D:4)
  A tarantella (Vaults:1)
  49 saltlings (Desolation)
  4 trolls
  9 dream sheep
  14 blink frogs
  Sigmund (D:3)
  2 glass eyes
  A spectral black mamba (Snake:2)
  A shock serpent simulacrum (Snake:2)
  44 slime creatures
  4 air elementals
  4 shadows
  A vampire (D:10)
  3 small abominations (Depths:3)
  A wraith (D:13)
  2 fire elementals
  63 yaks
  7 wyverns
  5 water elementals
  10 wargs
  A redback (Vaults:4)
  4 basilisks
  2 steam dragons
  11 vampire mosquitoes
  5 chaos spawn (Depths:3)
  4 great orb of eyes simulacra (IceCv)
  24 swamp worms
  A swamp worm (shapeshifter) (Vaults:5)
  38 nagas
  2 acid dragons
  2 hydra simulacra (Zot:1)
  4 hell hounds (Lair:5)
  2 spectral nagas (Snake:2)
  Duvessa (D:4)
  17 water moccasins
  51 orc warriors
  9 swamp drakes
  2 ice beasts
  3 sky beasts
  A crocodile (shapeshifter) (D:13)
  3 black mamba simulacra (Snake:2)
  2 wolves
  5 boggarts
  12 ogres
  13 centaurs
  3 phantoms (D:4)
  5 slime creature simulacra (IceCv)
  Blork the orc (D:4)
  5 kobold brigands
  An earth elemental (Elf:2)
  7 bullfrogs
  2 elf zombies (Ossuary)
  A gnoll sergeant (D:6)
  A scorpion (D:5)
  A glowing shapeshifter simulacrum (IceCv)
  9 wights
  Dowan (D:4)
  22 killer bees (Lair:3)
  4 howler monkeys
  8 electric eels
  A centaur zombie (Ossuary)
  A human zombie (Ossuary)
  33 orc priests
  5 hounds
  6 jellies
  2 sleepcaps
  3 iguanas (D:5)
  Jessica (D:3)
  37 orc wizards
  2 naga simulacra (Snake:2)
  A centaur simulacrum (D:9)
  3 mummies
  Robin (D:3)
  12 gnolls
  5 adders
  A shadow imp (D:7)
  7 white imps
  3 ufetubi
  2 worms (D:2)
  2 dart slugs
  98 orcs
  5 bats
  11 endoplasms
  6 giant cockroaches
  10 goblins
  11 hobgoblins
  4 jackals (D:4)
  2 quokkas (D:1)
  9 ball pythons
  3 frilled lizards
  2 goblin zombies (Ossuary)
  7 hobgoblin zombies (Ossuary)
  29 kobolds
  An orc zombie (Ossuary)
  6 rats
  An aspiring flesh (Zot:1)
2101 creatures vanquished.

Vanquished Creatures (others)
  A golden dragon (Depths:4)
  A tentacled monstrosity (Vaults:5)
  2 Orb Guardians
  A fenstrider witch (Swamp:4)
  A storm dragon (Zot:2)
  An azure jelly (IceCv)
  A fire giant (Depths:3)
  2 vault wardens
  An imperial myrmidon (Desolation)
  A very ugly thing (Depths:2)
  3 stone giants
  3 white draconians
  A fire dragon (Depths:4)
  A ragged hierophant (Desolation)
  2 vault guards
  A yaktaur captain (Vaults:4)
  A hydra (D:15)
  A salamander tyrant (Snake:4)
  A catoblepas (Lair:5)
  A centaur warrior (Vaults:3)
  A two-headed ogre (D:13)
  A deep troll shaman (Depths:3)
  A dancing weapon (Elf:3)
  A shock serpent (shapeshifter) (D:14)
  A shock serpent (Snake:3)
  A naga sharpshooter (Snake:4)
  An orc high priest (Orc:1)
  2 deep elf knights
  A salamander mystic (Snake:4)
  3 deep trolls
  2 spriggan druids (Swamp:4)
  A deep elf pyromancer (Elf:1)
  A deep elf zephyrmancer (Elf:1)
  A salamander (Snake:2)
  A manticore (D:12)
  2 guardian serpents
  2 black mambas
  2 naga magi (Snake:2)
  A hellion (Depths:1)
  5 bloated husks
  2 saltlings (Desolation)
  A hornet (Swamp:4)
  4 slime creatures
  4 water elementals
  A vampire mosquito (Swamp:3)
  A swamp worm (Swamp:1)
  An acid dragon (D:9)
  An ogre (Vaults:5)
  A killer bee (Lair:3)
  5 orcs
  A kobold (D:9)
  33 foxfires
113 creatures vanquished.

Grand Total: 2214 creatures vanquished

Notes
Turn   | Place    | Note
-------+----------+-------------------------------------------
     0 | D:1      | Midn8 the Hill Orc Alchemist began the quest for the Orb.
     0 | D:1      | Reached XP level 1. HP: 14/14 MP: 3/3
    98 | D:1      | Reached XP level 2. HP: 13/20 MP: 0/5
   513 | D:1      | Reached XP level 3. HP: 26/26 MP: 3/6
  1107 | D:1      | Learned a level 2 spell: Mercury Vapours
  1447 | D:2      | Reached XP level 4. HP: 33/33 MP: 4/8
  2253 | D:3      | Found a large runed translucent door.
  2254 | D:3      | Found a large runed translucent door.
  2302 | D:3      | Noticed Jessica
  2310 | D:3      | Killed Jessica
  2311 | D:3      | Reached XP level 5. HP: 32/38 MP: 1/9
  2408 | D:3      | Found a sacrificial altar of Ru.
  2423 | D:3      | Became a worshipper of Ru the Awakened
  2460 | D:3      | Noticed Robin
  2844 | D:3      | Killed Robin
  2942 | D:3      | Found a burning altar of Makhleb.
  3041 | D:3      | Reached skill level 1 in Fighting
  3124 | D:3      | Noticed Sigmund
  3136 | D:3      | Killed Sigmund
  3137 | D:3      | Reached skill level 4 in Fighting
  3137 | D:3      | Reached skill level 1 in Maces & Flails
  3137 | D:3      | Reached XP level 6. HP: 46/52 MP: 0/10
  3252 | D:3      | Learned a level 3 spell: Mephitic Cloud
  3260 | D:3      | Found a faded altar of an unknown god.
  3323 | D:3      | Found a runed translucent door.
  3324 | D:3      | Noticed Crazy Yiuf
  3423 | D:3      | Found a bloodstained altar of Trog.
  3434 | D:3      | Found a shadowy altar of Dithmenos.
  3617 | D:4      | Noticed Dowan
  3618 | D:4      | Noticed Duvessa
  3638 | D:4      | Killed Duvessa
  3639 | D:4      | Reached XP level 7. HP: 50/59 MP: 2/11
  3650 | D:4      | Killed Dowan
  3851 | D:4      | Reached skill level 5 in Maces & Flails
  3872 | D:4      | Noticed Grinder
  3889 | D:4      | Killed Grinder
  3890 | D:4      | Reached XP level 8. HP: 66/66 MP: 3/12
  3962 | D:4      | Found a sand-covered staircase.
  3974 | Ossuary  | Entered an ossuary
  4438 | D:4      | Noticed Blork the orc
  4446 | D:4      | Killed Blork the orc
  4587 | D:4      | Found a shimmering blue altar of Sif Muna.
  4601 | D:4      | Found an ancient bone altar of Kikubaaqudgha.
  4605 | D:4      | Reached skill level 9 in Fighting
  4605 | D:4      | Reached XP level 9. HP: 85/85 MP: 13/13
  4609 | D:4      | Found a radiant altar of Vehumet.
  4620 | D:4      | Reached skill level 1 in Armour
  5045 | D:5      | Entered Level 5 of the Dungeon
  5168 | D:4      | Gained mutation: You occasionally lose the ability to drink
                  | potions when taking damage. [Ru sacrifice]
  5168 | D:4      | Gained mutation: You sometimes lose the ability to drink
                  | potions when taking damage. [Ru sacrifice]
  5168 | D:4      | Reached * piety under Ru
  5230 | D:5      | Noticed a +0 dagger
  5230 | D:5      | Noticed a +0 short sword
  5233 | D:5      | Noticed a +0 spear
  5234 | D:5      | Noticed a +0 falchion
  5234 | D:5      | Noticed a +0 dagger
  5235 | D:5      | Noticed a +0 short sword
  5281 | D:5      | Noticed a +0 spear
  5283 | D:5      | Noticed a +0 falchion
  5289 | D:5      | Found a hide-covered altar of Uskayaw.
  5565 | D:5      | Found a shimmering altar of Xom.
  5566 | D:5      | Found a hazy altar of Hepliaklqana.
  5584 | D:5      | Noticed a spectral ugly thing
  5671 | D:5      | You fall into a shaft and drop 3 floors!
  5798 | D:8      | Reached XP level 10. HP: 80/93 MP: 14/14
  6103 | D:5      | Found a basalt altar of Yredelemnul.
  6243 | D:6      | Reached skill level 5 in Armour
  6768 | D:6      | Gained mutation: You are somewhat inexperienced. (-1 XL)
                  | [Ru sacrifice]
  6768 | D:6      | Reached XP level 9. HP: 85/85 MP: 13/13
  6768 | D:6      | Reached ** piety under Ru
  6768 | D:6      | Reached *** piety under Ru
  7428 | D:7      | Found a staircase to the Ecumenical Temple.
  7657 | D:7      | Noticed a two-headed ogre
  8058 | D:7      | Killed a two-headed ogre
  8358 | D:8      | Reached skill level 1 in Evocations
  8433 | D:8      | Noticed a two-headed ogre
  8442 | D:8      | Killed a two-headed ogre
  8443 | D:8      | Reached XP level 10. HP: 28/93 MP: 14/14
  9193 | D:9      | Found a sparkling altar of Nemelex Xobeh.
  9303 | D:9      | Reached skill level 1 in Throwing
  9639 | D:9      | Found a glowing golden altar of the Shining One.
  9784 | D:10     | Entered Level 10 of the Dungeon
 10019 | D:10     | Gained mutation: You cannot study or use magical devices.
                  | [Ru sacrifice]
 10019 | D:10     | Reached **** piety under Ru
 10019 | D:10     | Reached ***** piety under Ru
 10423 | D:10     | Reached skill level 5 in Throwing
 10501 | D:10     | Found a broken altar of Ashenzari.
 10554 | D:10     | Noticed a sea snake
 10914 | D:11     | Reached skill level 10 in Fighting
 11163 | D:11     | Noticed a red ugly thing
 11168 | D:11     | Killed a red ugly thing
 11188 | D:11     | Gained mutation: You expend magic power (3 MP) to
                  | strengthen your wands. [potion of mutation]
 11188 | D:11     | Gained mutation: You are agile. (Dex +4, Str/Int -1)
                  | [potion of mutation]
 11330 | D:11     | Reached XP level 11. HP: 92/101 MP: 15/15
 11330 | D:11     | Lost mutation: You expend magic power (3 MP) to strengthen
                  | your wands. [potion of mutation]
 11330 | D:11     | Lost mutation: You are agile. (Dex +4, Str/Int -1) [potion
                  | of mutation]
 11330 | D:11     | Gained mutation: You are weak. (Str -2) [potion of
                  | mutation]
 11330 | D:11     | Gained mutation: You are clumsy. (Dex -2) [potion of
                  | mutation]
 11330 | D:11     | Gained mutation: You are robust. (+10% HP) [potion of
                  | mutation]
 11330 | D:11     | Gained mutation: Your spells are a little harder to cast,
                  | but a little more powerful. [potion of mutation]
 11391 | D:11     | Noticed a boulder beetle
 11411 | D:11     | Killed a boulder beetle
 11412 | D:11     | Reached skill level 11 in Fighting
 11440 | D:11     | Found a staircase to the Lair.
 11512 | Lair:1   | Entered Level 1 of the Lair of Beasts
 11535 | Lair:1   | Reached skill level 12 in Fighting
 11943 | Lair:1   | Gained mutation: You cannot study or cast Ice magic. [Ru
                  | sacrifice]
 11943 | Lair:1   | Gained mutation: You cannot study or cast Alchemy magic.
                  | [Ru sacrifice]
 11943 | Lair:1   | Gained mutation: You cannot study or cast Conjurations
                  | magic. [Ru sacrifice]
 11943 | Lair:1   | Reached ****** piety under Ru
 11949 | Lair:1   | You fall into a shaft and drop 1 floor!
 11973 | Lair:2   | Noticed a skyshark
 12055 | Lair:2   | Noticed Erica
 12093 | Lair:2   | Killed Erica
 12316 | Lair:2   | Identified the +0 helmet "Hingum Raun" {Dex+8}
 12428 | Lair:2   | Reached skill level 10 in Armour
 12496 | Lair:2   | Found a staircase to the Swamp.
 12514 | Lair:2   | Noticed Harold
 12530 | Lair:2   | Killed Harold
 13476 | Lair:3   | Noticed a four-headed hydra
 13488 | Lair:3   | Killed a four-headed hydra
 13503 | Lair:3   | Found a staircase to the Snake Pit.
 13532 | Lair:3   | Reached skill level 5 in Dodging
 13809 | Lair:3   | Reached XP level 12. HP: 114/124 MP: 16/16
 13823 | Lair:3   | Reached skill level 13 in Fighting
 13976 | Lair:3   | Identified a scroll of acquirement
 13977 | Lair:3   | Acquired a +5 eveningstar of holy wrath
 13991 | Lair:3   | Noticed Uleac's ghost (journeyman DsNe)
 13998 | Lair:3   | Found a runed translucent gate.
 13999 | Lair:3   | Found a runed translucent gate.
 14000 | Lair:3   | Found a runed translucent gate.
 14881 | Lair:3   | Killed Uleac's ghost
 14882 | Lair:3   | Reached skill level 15 in Maces & Flails
 15374 | Lair:4   | Reached skill level 14 in Fighting
 16099 | Lair:4   | Reached XP level 13. HP: 136/136 MP: 17/17
 16285 | Lair:5   | Entered Level 5 of the Lair of Beasts
 16562 | Lair:5   | Noticed a dire elephant
 16592 | Lair:5   | Reached skill level 15 in Fighting
 16607 | Lair:5   | Killed a dire elephant
 16785 | Lair:5   | Found a staircase to the Slime Pits.
 16890 | Lair:5   | Reached skill level 16 in Fighting
 17682 | Lair:5   | Found a burning altar of Makhleb.
 17767 | Lair:5   | Found a gateway to Hell.
 18032 | D:12     | Noticed Rupert
 18043 | D:12     | Killed Rupert
 18827 | D:12     | Found a staircase to the Orcish Mines.
 18859 | Orc:1    | Entered Level 1 of the Orcish Mines
 19058 | Orc:1    | Reached XP level 14. HP: 136/150 MP: 18/18
 19282 | Orc:2    | Entered Level 2 of the Orcish Mines
 19282 | Orc:2    | Found Ibeweiwn's Magic Scroll Shoppe.
 19289 | Orc:2    | Noticed Saint Roka
 19512 | Orc:2    | Killed Saint Roka
 19519 | Orc:2    | Noticed Jorgrun
 19587 | Orc:2    | Killed Jorgrun
 19642 | Orc:2    | Bought a scroll of enchant weapon for 105 gold pieces
 19643 | Orc:2    | Bought a scroll of identify for 28 gold pieces
 19643 | Orc:2    | Bought a scroll of identify for 28 gold pieces
 19643 | Orc:2    | Bought a scroll of identify for 28 gold pieces
 19643 | Orc:2    | Bought a scroll of fear for 56 gold pieces
 19869 | Orc:2    | Found Qinory's Antique Armour Shop.
 19903 | Orc:2    | Found Fiqul's Assorted Antiques.
 19912 | Orc:2    | Bought a scroll labelled CUEBEW TAESUEPS for 25 gold pieces
 19936 | Orc:2    | Found Farei's Antique Armour Shop.
 19944 | Orc:2    | Bought a pair of runed boots for 225 gold pieces
 20004 | Orc:2    | Found a staircase to the Elven Halls.
 20084 | Orc:2    | Bought an embroidered cloak for 165 gold pieces
 20438 | Orc:2    | Reached skill level 10 in Throwing
 20535 | Orc:2    | Found Ussaabla's Antique Weapon Emporium.
 20584 | Orc:2    | Noticed Donald
 20598 | Orc:2    | Killed Donald
 20696 | Orc:2    | Reached skill level 1 in Shields
 20889 | Orc:2    | Found Niymeh's Armour Shop.
 20892 | Orc:2    | Found Ecvisis's Armour Shop.
 20893 | Orc:2    | Found Lialeaha's General Store.
 20894 | Orc:2    | Found Gohij's Magic Scroll Boutique.
 20905 | Orc:2    | Bought a potion of experience for 800 gold pieces
 20905 | Orc:2    | Bought a potion of curing for 48 gold pieces
 20905 | Orc:2    | Bought a throwing net for 48 gold pieces
 20905 | Orc:2    | Bought 6 boomerangs for 192 gold pieces
 20905 | Orc:2    | Reached XP level 15. HP: 156/156 MP: 19/19
 20909 | Orc:2    | Bought a scroll of enchant weapon for 135 gold pieces
 20909 | Orc:2    | Bought a scroll of blinking for 135 gold pieces
 20909 | Orc:2    | Bought a scroll of teleportation for 54 gold pieces
 20909 | Orc:2    | Bought a scroll of teleportation for 54 gold pieces
 21530 | D:13     | Found a gate to the Vaults.
 21680 | D:13     | Acquired a manual of Shields
 21979 | D:14     | Found the ring of the Hare {EV+10}
 22035 | D:14     | Reached skill level 10 in Shields
 22161 | D:14     | Reached XP level 16. HP: 101/167 MP: 20/20
 22522 | D:14     | Acquired a manual of Dodging
 22645 | D:14     | Noticed Acwauwnyeha's ghost (journeyman HuSu)
 22650 | D:14     | Found a transporter.
 22656 | D:14     | Found a transporter.
 22657 | D:14     | Found a bloodstained altar of Trog.
 23206 | D:14     | Reached skill level 17 in Fighting
 23218 | D:14     | Killed Acwauwnyeha's ghost
 23375 | D:15     | Entered Level 15 of the Dungeon
 23508 | D:15     | Found a staircase to the Depths.
 23638 | D:15     | Reached skill level 18 in Fighting
 24055 | D:15     | Found a runed translucent door.
 24430 | Snake:1  | Entered Level 1 of the Snake Pit
 24574 | Snake:1  | Found a frozen archway.
 24585 | IceCv    | Entered an ice cave
 24821 | IceCv    | Reached skill level 10 in Dodging
 24843 | IceCv    | Found a viscous altar of Jiyva.
 24900 | IceCv    | Identified the ring "Suguthrorph" {+Blink Will++ MP+9 Dex-5
                  | Stlth-}
 24913 | IceCv    | Got the ring of Red Wine {Ice Dex+2}
 25632 | Snake:2  | Reached skill level 15 in Shields
 25750 | Snake:2  | Reached XP level 17. HP: 180/181 MP: 21/21
 26197 | Snake:2  | Found a runed translucent gate.
 26197 | Snake:2  | Found a runed translucent gate.
 26197 | Snake:2  | Found a runed translucent gate.
 26201 | Snake:2  | Found the necklace of Bloodlust {Fury *Rage Will++ Int-3
                  | Slay+6}
 26202 | Snake:2  | Noticed Musi's ghost (adept DsAl)
 26213 | Snake:2  | Killed Musi's ghost
 26390 | Snake:3  | Reached skill level 19 in Fighting
 27435 | Snake:4  | Entered Level 4 of the Snake Pit
 27514 | Snake:4  | Upgraded the game from 0.31-a0-1321-g5021b54cb2 to
                  | 0.31-a0-1338-gb567cfdca4
 27683 | Snake:4  | Reached skill level 20 in Fighting
 27817 | Snake:4  | Noticed Vashnia
 27861 | Snake:4  | Killed Vashnia
 28016 | Snake:4  | Found a runed translucent door.
 28047 | Snake:4  | Reached skill level 15 in Armour
 28068 | Snake:4  | Noticed jasper's ghost (adept TrCA)
 28080 | Snake:4  | Killed jasper's ghost
 28690 | Snake:4  | Identified the serpent talisman of Qucue {Int+3}
 28690 | Snake:4  | Noticed Aizul
 28703 | Snake:4  | Killed Aizul
 28902 | Snake:4  | Noticed a quicksilver dragon
 28930 | Snake:4  | Reached XP level 18. HP: 192/195 MP: 22/22
 29042 | Snake:4  | Got a serpentine rune of Zot
 29334 | Snake:4  | Noticed Asterion
 29347 | Snake:4  | Killed Asterion
 29559 | Snake:4  | Found Apsixeekk's Book Emporium.
 29791 | Swamp:1  | Entered Level 1 of the Swamp
 30461 | Swamp:2  | Noticed Nikola
 30468 | Swamp:2  | Killed Nikola
 30802 | Swamp:2  | Identified the +1 spear of Beyond {venom, +Blink rN+ Will-
                  | MP+9}
 31140 | Swamp:2  | Identified the +1 robe of Obonim {rF+ Stlth+ Archmagi}
 31270 | Swamp:2  | Identified the +1 long sword of Tuupt {elec, Str+3 Int+3}
 32115 | Swamp:4  | Entered Level 4 of the Swamp
 32317 | Swamp:4  | Reached skill level 21 in Fighting
 33181 | Swamp:4  | Reached XP level 19. HP: 186/198 MP: 23/23
 33816 | Swamp:4  | Got a decaying rune of Zot
 34186 | Vaults:1 | Entered Level 1 of the Vaults
 34195 | Vaults:1 | Reached skill level 22 in Fighting
 34493 | Vaults:1 | Found a flickering gateway to a bazaar.
 34507 | Bazaar   | Entered a bazaar
 34507 | Bazaar   | Found Jiuneat's Jewellery Shop.
 34512 | Bazaar   | Found Udghimn's Antique Weapon Shop.
 34542 | Bazaar   | Found Kiva's Distillery.
 34547 | Bazaar   | Bought a potion of mutation for 96 gold pieces
 34547 | Bazaar   | Bought a potion of mutation for 96 gold pieces
 34553 | Bazaar   | Found Boul's Assorted Antiques.
 35053 | Vaults:1 | Found a runed gate.
 35053 | Vaults:1 | Found a runed gate.
 35053 | Vaults:1 | Found a runed gate.
 35223 | Vaults:1 | Found a glowing golden altar of the Shining One.
 35504 | Vaults:2 | Noticed Xtahua
 35517 | Vaults:2 | Killed Xtahua
 36604 | Vaults:2 | Found a staircase to the Crypt.
 36941 | Vaults:3 | Noticed Mara
 36949 | Vaults:3 | Noticed Midn8's illusion
 36953 | Vaults:3 | Killed Mara
 37193 | Vaults:3 | Reached XP level 20. HP: 217/220 MP: 24/24
 37630 | Vaults:3 | Reached skill level 23 in Fighting
 38340 | Vaults:3 | Reached skill level 24 in Fighting
 38492 | Vaults:4 | Found a flickering gateway to a bazaar.
 38664 | Bazaar   | Entered a bazaar
 38670 | Bazaar   | Found Zuokeat's Book Shop.
 38670 | Bazaar   | Found Tufadei's Jewellery Boutique.
 38680 | Bazaar   | Bought the ring of Free Will {rElec Will+ Str+4 Int+6
                  | Dex+4} for 941 gold pieces
 39191 | Vaults:4 | Identified the +7 storm dragon scales "Qimaecs" {+Inv
                  | rElec}
 39538 | Vaults:4 | Paralysed by a formless jellyfish for 1 turns
 40204 | Depths:1 | Entered Level 1 of the Depths
 40469 | Depths:1 | Reached XP level 21. HP: 195/235 MP: 25/25
 40974 | Depths:1 | Found a runed translucent gate.
 40974 | Depths:1 | Found a runed translucent gate.
 40974 | Depths:1 | Found a runed translucent gate.
 40974 | Depths:1 | Found an ancient bone altar of Kikubaaqudgha.
 40974 | Depths:1 | Noticed Piuw's ghost (veteran GnWn)
 40974 | Depths:1 | Noticed Ycsaax's ghost (veteran MiBe)
 40974 | Depths:1 | Noticed a dread lich
 40974 | Depths:1 | Noticed a dread lich
 41017 | Depths:1 | Found a shadowy altar of Dithmenos.
 41237 | Depths:1 | Found Suatatz's Assorted Antiques.
 41420 | Depths:2 | Found a one-way gate leading to the halls of Pandemonium.
 41691 | Depths:1 | Reached skill level 15 in Throwing
 41961 | Depths:2 | Found Sauhic's Assorted Antiques.
 41969 | Depths:2 | Bought 3 scrolls of blinking for 877 gold pieces
 41969 | Depths:2 | Bought a scroll of blinking for 292 gold pieces
 42323 | Elf:1    | Entered Level 1 of the Elven Halls
 42898 | Elf:1    | Noticed Roxanne
 42970 | Elf:1    | You fall into a shaft and drop 1 floor!
 42988 | Elf:2    | Paralysed by an air elemental for 1 turns
 42992 | Elf:2    | Paralysed by an air elemental for 1 turns
 43128 | Elf:2    | Reached skill level 25 in Fighting
 43194 | Elf:2    | Found a glowing golden altar of the Shining One.
 43194 | Elf:2    | Found a glowing silver altar of Zin.
 43202 | Elf:2    | Found a white marble altar of Elyvilon.
 43202 | Elf:2    | Found a crumbling gateway.
 43254 | Desolati | Entered the Desolation of Salt
 43307 | Desolati | Identified the +6 battleaxe "Earthworm" {protect, Will+}
 43359 | Desolati | Identified the ring of Spring {Fly Dex+3 SInv}
 43408 | Desolati | Reached skill level 26 in Fighting
 43408 | Desolati | Reached XP level 22. HP: 97/217 MP: 24/26
 43550 | Desolati | Identified the ring "Odoetram" {Int+4 Slay+4}
 43795 | Desolati | Got Bitsiud's Incunable of the Captivating Tempest
 43862 | Desolati | Identified the ring "Uwinulaf" {Ice rElec Will+}
 43864 | Desolati | Identified the ring of Fiuc {Will+ Str+2 Int+4 Stlth+}
 43871 | Desolati | Identified the +2 mace of Stained True Grit {heavy, rF- rC+
                  | Int+3 SInv}
 44146 | Desolati | Got the Precepts of Points
 44154 | Desolati | Identified the +3 executioner's axe "Buloxa" {holy, Int+3}
 44277 | Elf:2    | Found a runed translucent gate.
 44277 | Elf:2    | Found a runed translucent gate.
 44277 | Elf:2    | Found a runed translucent gate.
 44368 | Elf:3    | Entered Level 3 of the Elven Halls
 44443 | Elf:1    | Found Bottis's Assorted Antiques.
 44958 | Elf:3    | Identified the +4 halberd of Defiance {freeze, rCorr Str+2}
 45142 | Elf:3    | Reached skill level 27 in Fighting
 45913 | Elf:3    | Identified the +2 scale mail of Asceticism {Rampage rPois
                  | rF+}
 45972 | Elf:3    | Identified the staff of Rineq {rPois rC+ Alchemy}
 45985 | Elf:3    | Got the Compendium of Vapour and Profane Words
 45987 | Elf:3    | Identified the staff "Naca" {rPois rC+ Hexes Ice}
 47302 | Depths:3 | Identified the +1 robe of Fun {rElec Dex+5}
 47467 | Depths:3 | Reached XP level 23. HP: 180/264 MP: 27/27
 47687 | Depths:3 | Identified the +8 dagger of the Forest {protect, rElec rN+
                  | Dex-4}
 47961 | Depths:3 | Found a white marble altar of Elyvilon.
 48018 | Depths:3 | Found a one-way gate to the infinite horrors of the Abyss.
 48323 | Depths:3 | Found Bepp's Jewellery Shop.
 48324 | Depths:3 | Found Potic's Book Shoppe.
 48326 | Depths:3 | Found Curiupt's Jewellery Shop.
 48342 | Depths:3 | Bought the amulet of Agnosticism {Reflect rN++ Dex+3 SH+5
                  | SInv Stlth-} for 1132 gold pieces
 48398 | Depths:4 | Entered Level 4 of the Depths
 48398 | Depths:4 | Found a one-way gateway to a ziggurat.
 48574 | Depths:4 | Noticed Boris
 48587 | Depths:4 | Killed Boris
 48723 | Depths:4 | Found a gate to the Realm of Zot.
 48914 | Depths:4 | Identified the maw talisman "Leiwaalipo" {rF+ MP+9 Str-2
                  | Dex+2}
 49860 | Vaults:5 | Entered Level 5 of the Vaults
 49884 | Vaults:5 | Identified the ring "Veskuhot" {rC+ rCorr Int+3 Dex-2}
 50044 | Vaults:5 | Identified the +6 shortbow of the Pill Bug {heavy, rElec
                  | Str+3 Int-5 SInv}
 50057 | Vaults:5 | Identified the +8 shortbow "Ideosed" {drain, ^Drain rPois
                  | rC+++ Int-2}
 50258 | Vaults:5 | Noticed an ancient lich
 50268 | Vaults:5 | Killed an ancient lich
 50269 | Vaults:5 | Reached XP level 24. HP: 218/254 MP: 19/27
 50283 | Vaults:5 | Found Yhez's Assorted Antiques.
 50288 | Vaults:5 | Identified the ring of Zushryutz {rC+ rN+ AC+4 Stlth+}
 50292 | Vaults:5 | Got the Secrets of Execration
 50451 | Vaults:5 | Identified the ring "Heliecs" {rElec Will+ MP+9 Str-5}
 50453 | Vaults:5 | Identified the +5 dagger of the Scroll {heavy, Str+2}
 50667 | Vaults:5 | Identified the +11 dagger "Dowk" {holy, rElec}
 50780 | Vaults:5 | Found Quimudu's Book Shop.
 50783 | Vaults:5 | Identified the +1 plate armour "Xanlos" {rF- Str+6 Slay+3}
 50788 | Vaults:5 | Noticed a dread lich
 50800 | Vaults:5 | Killed a dread lich
 51188 | Vaults:5 | Got a silver rune of Zot
 51334 | Vaults:5 | Noticed Margery
 51342 | Vaults:5 | Killed Margery
 52134 | Zot:1    | Entered Level 1 of the Realm of Zot
 52134 | Zot:1    | Noticed a shard shrike
 52165 | Zot:1    | Killed a shard shrike
 52527 | Zot:1    | Noticed an orb of fire
 52538 | Zot:1    | Killed an orb of fire
 53782 | Zot:2    | Reached XP level 25. HP: 261/281 MP: 27/27
 54447 | Zot:2    | Identified the ring "Zod Oveo" {rCorr Str+2 Int+4 SInv}
 54448 | Zot:2    | Found a transporter.
 54455 | Zot:2    | Found a transporter.
 55422 | Zot:5    | Entered Level 5 of the Realm of Zot
 55858 | Zot:5    | Identified the amulet "Figegg" {Spirit rC+ Dex+3}
 55859 | Zot:5    | Noticed an ancient lich
 55869 | Zot:5    | Noticed a Killer Klown
 55870 | Zot:5    | Killed an ancient lich
 55876 | Zot:5    | Noticed an orb of fire
 55881 | Zot:5    | Noticed an ancient lich
 55883 | Zot:5    | Noticed a Killer Klown
 55889 | Zot:5    | Lost mutation: You are robust. (+10% HP) [an orb of fire]
 55892 | Zot:5    | Noticed a dread lich
 55894 | Zot:5    | Gained mutation: Your magical capacity is low. (-10% MP)
                  | [an orb of fire]
 55897 | Zot:5    | Gained mutation: You have hidden genetic defects. [an orb
                  | of fire]
 55898 | Zot:5    | Noticed a dread lich
 55898 | Zot:5    | Noticed a Killer Klown
 55898 | Zot:5    | Noticed an orb of fire
 55898 | Zot:5    | Noticed a Killer Klown
 56219 | Zot:5    | Lost mutation: You have hidden genetic defects. [potion of
                  | mutation]
 56219 | Zot:5    | Lost mutation: Your spells are a little harder to cast, but
                  | a little more powerful. [potion of mutation]
 56219 | Zot:5    | Gained mutation: You are very weak. (Str -4) [potion of
                  | mutation]
 56220 | Zot:5    | Lost mutation: Your magical capacity is low. (-10% MP)
                  | [potion of mutation]
 56220 | Zot:5    | Lost mutation: You are clumsy. (Dex -2) [potion of
                  | mutation]
 56220 | Zot:5    | Gained mutation: Potions are less effective at restoring
                  | your health. [potion of mutation]
 56220 | Zot:5    | Gained mutation: Your body sometimes deteriorates upon
                  | taking damage. [potion of mutation]
 56221 | Zot:5    | Lost mutation: You are very weak. (Str -4) [potion of
                  | mutation]
 56221 | Zot:5    | Lost mutation: Your body sometimes deteriorates upon taking
                  | damage. [potion of mutation]
 56221 | Zot:5    | Lost mutation: You are weak. (Str -2) [potion of mutation]
 56221 | Zot:5    | Gained mutation: Your flesh is heat resistant. (rF+)
                  | [potion of mutation]
 56306 | Zot:5    | Gained mutation: You are frail. (-10% HP) [an orb of fire]
 56307 | Zot:5    | Gained mutation: You are vulnerable to cold. (rC-) [an orb
                  | of fire]
 56309 | Zot:5    | Noticed an ancient lich
 56312 | Zot:5    | Got the Orb of Zot
 56322 | Zot:5    | Killed a Killer Klown
 56406 | Zot:1    | Noticed Laelox the pandemonium lord
 56412 | Zot:1    | Killed Laelox the pandemonium lord
 56441 | Zot:1    | Lost mutation: Potions are less effective at restoring your
                  | health. [potion of mutation]
 56441 | Zot:1    | Lost mutation: Your flesh is heat resistant. (rF+) [potion
                  | of mutation]
 56441 | Zot:1    | Lost mutation: You are vulnerable to cold. (rC-) [potion of
                  | mutation]
 56441 | Zot:1    | Gained mutation: You are occasionally teleported next to
                  | monsters. [potion of mutation]
 56441 | Zot:1    | Gained mutation: You have large cloven feet. [potion of
                  | mutation]
 56442 | Zot:1    | Lost mutation: You have large cloven feet. [potion of
                  | mutation]
 56442 | Zot:1    | Lost mutation: You are frail. (-10% HP) [potion of
                  | mutation]
 56442 | Zot:1    | Gained mutation: You are strong-willed. (Will+) [potion of
                  | mutation]
 56443 | Zot:1    | Lost mutation: You are occasionally teleported next to
                  | monsters. [potion of mutation]
 56443 | Zot:1    | Lost mutation: You are strong-willed. (Will+) [potion of
                  | mutation]
 56443 | Zot:1    | Gained mutation: Your mind is acute. (Int +4, Str/Dex -1)
                  | [potion of mutation]
 56443 | Zot:1    | Lost mutation: Your mind is acute. (Int +4, Str/Dex -1)
                  | [potion of mutation]
 56443 | Zot:1    | Gained mutation: You are agile. (Dex +4, Str/Int -1)
                  | [potion of mutation]
 56855 | D:$      | Escaped with the Orb!

Illustrated notes

Levels and vault maps discovered:
D:1:      tarquinn_simple_flora_water_e, layout_loops_cross,
          hangedman_abyss_or_decor_lesser_grid
D:2:      layout_loops_cross, palyth_stone_intersect,
          nicolae_kite_square_tiling_tiny
D:3:      layout_rooms, hangedman_ru_absence, lightli_temple_of_fire,
          jmf_multi_god_temple2, dreamdust_ecumenical_altar_sealed_demon,
          uniq_robin, uniq_sigmund, uniq_jessica, uniq_crazy_yiuf_cottage
D:4:      layout_loops_corners, palyth_temple_overflow_mages,
          gup_ossuary_entry_pyramid, uniq_duvessa, uniq_blork_the_orc,
          uniq_grinder
D:5:      layout_loops_cross, regret_index_temple_of_mockery,
          nicolae_uskayaw_en_pointe, old_standard_altar
D:6:      nicolae_whirlpool, layout_basic
D:7:      layout_basic, minmay_temple_entry_antechambers, minmay_puff
D:8:      layout_loops_cross
D:9:      layout_roguey, old_standard_altar, tso_oasis_becter, serial_ice,
          serial_ice_o, serial_ice_e, serial_ice_k, serial_ice_g, serial_ice_f,
          serial_ice_d
D:10:     layout_loops_ring, nicolae_ashenzari_skybound, serial_aquarium,
          aquarium_bridge_square [aquarium_subvault_bridge,
          aquarium_subvault_balcony, aquarium_subvault_wall,
          aquarium_subvault_wall], aquarium_bridge_island_small
          [aquarium_subvault_small_water, aquarium_subvault_bridge,
          aquarium_subvault_window, aquarium_subvault_wall,
          aquarium_subvault_wall], aquarium_window_fake, aquarium_window_1,
          aquarium_window_1, aquarium_view_2c, aquarium_view_2d,
          aquarium_balcony_3a
D:11:     layout_long_grid, grunt_lair_entry_orc_guard_hut
D:12:     layout_basic, erik_orc_2, uniq_rupert
D:13:     layout_roguey, david_vaults_1
D:14:     cheibrodos_leafed_vault, layout_basic,
          gammafunk_ghost_wrathful_warriors, chequers_mini_garden
D:15:     grunt_enter_depths_hoard, layout_gridville, chequers_big_river,
          minmay_crystal_box
Lair:1:   layout_gridlike, serial_bayou_shore_a, serial_bayou_shore_b
Lair:2:   layout_small_grid, mainiacjoe_swamp_entry_angry_trees, uniq_harold,
          uniq_erica
Lair:3:   layout_cave_pods, guppyfry_snake_entry_garden, serial_forest,
          infiniplex_forest_clump_diagonal, infiniplex_forest_clump_curved,
          infiniplex_forest_end_3, infiniplex_forest_lined_2,
          infiniplex_forest_straight_5, infiniplex_forest_straight_3,
          infiniplex_forest_zigzag_1, special_room [special_room_bee],
          gammafunk_ghost_split, serial_bayou_shore_b, infiniplex_staircase_pool
Lair:4:   layout_small_grid, serial_bayou_shore_b
Lair:5:   evil_forest, layout_regular_city, slime_entry_2, nzn_sisyphean_effort
Swamp:1:  layout_basic_swamp, evilmike_swamp_ruin_house_4
Swamp:2:  regret_index_all_hallows'_manor, layout_falls_marsh,
          nicolae_swamp_tree_designs, uniq_nikola
Swamp:3:  layout_basic_swamp, evilmike_swamp_ruin_house_5, swamp_pool_3,
          nicolae_swamp_no_escape
Swamp:4:  swamp, layout_basic_swamp, nicolae_swamp_long_stream
Snake:1:  layout_rooms, portal_ice_cave_entry_dragon
Snake:2:  layout_onion_interference, gammafunk_ghost_necromancy, drop_trap,
          guppyfry_library_mini
Snake:3:  layout_chambers
Snake:4:  hellmonk_snake_rune_quicksilver_temple, layout_grid_maze,
          hellmonk_ghost_happy_afterlife, serial_shops,
          nicolae_shop_just_a_little_nook, drop_trap, grunt_ministairs_5,
          uniq_vashnia, uniq_asterion, uniq_aizul
Orc:1:    layout_caves
Orc:2:    st_orc_pillars, layout_caves, serial_shops, nicolae_shop_behind_doors,
          shop, shop, shop, nicolae_shop_stone, uniq_saint_roka, uniq_jorgrun,
          uniq_donald
Elf:1:    eino_elf_arrival_shootout, layout_geoelf_octagon, serial_shops, shop,
          minmay_elf_sorcery, uniq_roxanne, uniq_azrael
Elf:2:    elven_hall_of_blades_hangedman_original [mumra_blade_entry_dagger],
          layout_gridlike, portal_desolation_entry_holy_temple, st_stairs_2,
          small_chamber_with_monster
Elf:3:    elf_hall, layout_onion_city, st_stairs_10, grunt_ministairs_3
Vaults:1: nicolae_vaults_network_star, nicolae_vaults_hexular_roomagon,
          wander_protected_by_tso, grunt_vaults_twisty,
          nicolae_vaults_trapezoid_lopsided_2, grunt_vaults_funnel,
          nicolae_vaults_yaktaur_gun_rack, nicolae_vaults_tetromino_L_2,
          vaults_dpeg_emergency_exit, nicolae_vaults_tetromino_L_1,
          layout_vaults_maze_snakey, serial_shops, bzr_in_the_mist
Vaults:2: v_misc_27, hangedman_vaults_nodes, nicolae_vaults_meeting,
          blue_anna_dwarven_crypt, v_misc_31, vaults_room_pools,
          vaults_room_fours, nicolae_vaults_house_2, layout_vaults_omnigrid,
          uniq_xtahua
Vaults:3: ontoclasm_vaults_claustrophobia, nicolae_vaults_murderbox,
          hangedman_vaults_cutoff, ontoclasm_vaults_ring_square,
          hangedman_vaults_trim, v_alt_pattern_2,
          nicolae_vaults_sesquioval_fish, ontoclasm_vaults_spin,
          nicolae_vaults_diamond_1, nicolae_vaults_weapon_check,
          layout_vaults_omnicross, uniq_mara
Vaults:4: ontoclasm_vaults_loading_screen, vaults_mumra_lcd,
          ontoclasm_vaults_bender, nicolae_vaults_tetromino_L_2,
          ontoclasm_vaults_hangar, dpeg_vaults_hating_casters,
          nicolae_vaults_six-pack, vaults_room_corners, layout_vaults_big_room,
          serial_shops, bzr_entry_water
Vaults:5: serial_shops, uniq_margery
Depths:1: layout_forbidden_donut, gammafunk_ghost_crypt, lemuel_crystal_altar,
          hellmouth_2, serial_shops, nicolae_diamond_shop, nrook_mini_vaults,
          lemuel_freeze_loot_1
Depths:2: kennysheep_ambush_hall, layout_cave_pools, serial_shops,
          nicolae_shop_crystal, hellmouth_1, rand_demon_pan_entry_3,
          minmay_staircase_statues
Depths:3: grunt_house_of_mirrors, layout_basic, minmay_room_of_horrors,
          hangedman_coc_ice_floe, elyvilon_altar_3, firewood_loft,
          minmay_shop_grove, infiniplex_staircase_diamond
Depths:4: evilmike_zot_entry_diamond, layout_gridlike, enter_ziggurat_d,
          minmay_fountain_box, hell_entry, rand_demon_pan_entry_8,
          infiniplex_staircase_pool_lava, grunt_megastairs_3, uniq_boris
Zot:1:    layout_basic, hangedman_elemental_grid_stream,
          regret_index_zotdec_banners
Zot:2:    gammafunk_sealed_arena, layout_gridlike, zot_minivault_5,
          grunt_megastairs_4
Zot:3:    layout_gridlike, gammafunk_ghost_grave, grunt_megastairs_2,
          lemuel_elevator
Zot:4:    layout_cathedral_of_symmetry
Zot:5:    layout_twisted_circle

Skill      XL: |  1  2  3  4  5  6  7  8  9 10 11 12 13 14 15 16 17 18 19 20 21 22 23 24 25 |
---------------+----------------------------------------------------------------------------+-----
Spellcasting   | 2 3 |  3.0
Alchemy        | 3 4 0 |  0.0
Fighting       | 4 9 10 12 14 16 18 20 21 22 24 26 27 | 27.0
Maces & Flails | 1 3 6 13 14 16 20 | 20.0
Armour         | 8 7 10 11 14 16 18 20 22 23 24 26 | 26.0
Evocations     | 3 0 |  0.0
Throwing       | 6 7 10 11 14 16 | 16.0
Conjurations   | 0 |  0.0
Dodging        | 5 10 11 14 | 14.0
Shields        | 6 12 15 16 18 21 22 | 22.0
Stealth        | |  1.5

Action                     |  1- 3 |  4- 6 |  7- 9 | 10-12 | 13-15 | 16-18 | 19-21 | 22-24 | 25-27 || total
---------------------------+-------+-------+-------+-------+-------+-------+-------+-------+-------++-------
  Melee: Unarmed           |     3 |       |       |       |       |       |       |       |       ||     3
         Staff             |    13 |    29 |       |       |       |       |       |       |       ||    42
         Dagger            |     3 |       |       |       |       |       |       |       |       ||     3
         Flail             |       |    12 |   346 |   217 |       |       |       |       |       ||   575
         Punch             |       |       |     2 |     4 |    12 |       |       |       |       ||    18
         Dire flail        |       |       |       |   803 |       |       |       |       |       ||   803
         Eveningstar       |       |       |       |   203 |   970 |  1298 |  1414 |  1364 |   276 ||  5525
  Throw: Dart              |       |       |       |    26 |     9 |    14 |     8 |       |       ||    57
         Boomerang         |       |       |       |       |     6 |    21 |    69 |    23 |     8 ||   127
         Javelin           |       |       |       |       |       |     4 |       |     2 |       ||     6
   Cast: Sting             |    60 |    72 |     7 |       |       |       |       |       |       ||   139
         Mercury Vapours   |     7 |    12 |     2 |       |       |       |       |       |       ||    21
 Invoke: Sacrifice Drink   |       |       |     1 |       |       |       |       |       |       ||     1
         Sacrifice Experie |       |       |     1 |       |       |       |       |       |       ||     1
         Sacrifice Artific |       |       |       |     1 |       |       |       |       |       ||     1
         Power Leap        |       |       |       |     3 |     6 |     9 |     3 |     1 |       ||    22
         Apocalypse        |       |       |       |     2 |     4 |     5 |     3 |     5 |     2 ||    21
         Sacrifice Arcana  |       |       |       |     1 |       |       |       |       |       ||     1
         Draw Out Power    |       |       |       |       |     2 |       |     1 |     2 |       ||     5
  Evoke: Wand              |       |       |       |     1 |       |       |       |       |       ||     1
    Use: Scroll            |       |     9 |     4 |    12 |     9 |     8 |     4 |     6 |     8 ||    60
         Potion            |       |       |     1 |     2 |     3 |       |     1 |     4 |     8 ||    19
   Stab: Sleeping          |       |       |     2 |       |       |       |       |       |       ||     2
         Distracted        |       |       |     1 |     3 |     3 |     7 |    11 |    16 |       ||    41
         Paralysed         |       |       |       |    14 |    21 |     7 |     8 |    10 |     4 ||    64
         Invisible         |       |       |       |     9 |     7 |    13 |     4 |     6 |     2 ||    41
         Petrified         |       |       |       |       |     7 |       |       |       |       ||     7
 Armour: Robe              |    10 |    12 |    16 |       |       |       |       |       |       ||    38
         Leather armour    |       |    48 |       |       |       |       |       |       |       ||    48
         Plate armour      |       |       |   163 |       |       |       |       |       |       ||   163
         Gold dragon scale |       |       |   173 |  1098 |   896 |   640 |   646 |   500 |   128 ||  4081
  Dodge: Dodged            |    18 |    46 |    39 |   191 |   251 |   556 |   537 |   423 |   159 ||  2220
  Block: Kite shield       |       |       |       |       |    88 |   283 |       |       |       ||   371
         Reflection        |       |       |       |       |    14 |   147 |    82 |    77 |     8 ||   328
         Tower shield      |       |       |       |       |       |  1242 |  2079 |  1712 |   462 ||  5495

Table legend: (Time is in decaauts)
 A = Elapsed time spent in this place.
 B = Non-inter-level travel time spent in this place.
 C = Inter-level travel time spent in this place.
 D = Time resting spent in this place.
 E = Time spent auto-exploring this place.
 F = Levels seen in this place.
 G = Mean time per level.
                   A        B        C        D        E       F      G
               +--------+--------+--------+--------+--------+-----+--------+
         Total |  57373 |  52770 |   4603 |  11218 |  26518 |  52 | 1103.3 |
       Dungeon |  16453 |  14318 |   2135 |   2357 |   8716 |  15 | 1096.9 |
          Lair |   6260 |   5817 |    443 |    722 |   3595 |   5 | 1252.0 |
         Swamp |   4694 |   4523 |    171 |   1662 |   1519 |   4 | 1173.5 |
     Snake Pit |   4932 |   4826 |    106 |   1184 |   2227 |   4 | 1233.0 |
  Orcish Mines |   2195 |   2062 |    133 |    557 |    678 |   2 | 1097.5 |
   Elven Halls |   2960 |   2768 |    192 |    291 |   1475 |   3 |  986.7 |
        Vaults |   8217 |   7589 |    628 |   1701 |   3350 |   5 | 1643.4 |
        Depths |   5518 |   5037 |    481 |   1270 |   2422 |   4 | 1379.5 |
           Zot |   4366 |   4056 |    310 |   1175 |   1865 |   5 |  873.2 |
        Bazaar |     87 |     87 |      0 |      0 |     62 |   2 |   43.5 |
       Ossuary |    210 |    210 |      0 |     23 |     60 |   1 |  210.0 |
      Ice Cave |    491 |    491 |      0 |     27 |    144 |   1 |  491.0 |
    Desolation |    984 |    984 |      0 |    247 |    403 |   1 |  984.0 |
               +--------+--------+--------+--------+--------+-----+--------+

Top non-repeatable levels by time:
 Snake:4: 2303 daAuts
Vaults:5: 1972 daAuts
Vaults:2: 1832 daAuts
    D:14: 1737 daAuts
   Zot:1: 1653 daAuts
Vaults:3: 1624 daAuts
 Swamp:3: 1620 daAuts
Depths:1: 1610 daAuts
Vaults:4: 1556 daAuts
  Lair:5: 1492 daAuts
  Lair:3: 1488 daAuts
Depths:3: 1476 daAuts
   Zot:2: 1457 daAuts
     D:3: 1419 daAuts
   Orc:2: 1367 daAuts
